 Dungeon Crawl Stone Soup version 0.31-a0-844-gdc52ec4e09 (webtiles) character file.

Game seed: 2845739306027412959

122 Dirtsage the Chopper (level 4, -2/35 HPs)
             Began as a Demonspawn Berserker on Sept 28, 2023.
             Was a Believer of Trog.
             Killed from afar by an orc wizard (9 damage)
             ... with a puff of flame
             ... on level 3 of the Dungeon on Sept 29, 2023.
             The game lasted 00:03:24 (2013 turns).

Dirtsage the Chopper (Demonspawn Berserker)         Turns: 2013, Time: 00:03:24

Health: -2/35      AC:  5    Str: 20    XL:     4   Next: 78%
Magic:  4/4        EV: 11    Int:  8    God:    Trog [**....]
Gold:   100        SH:  0    Dex: 12    Spells: 3/3 levels left

rFire   . . .        a - +0 hand axe
rCold   . . .        (no shield)
rNeg    . . .        f - +0 ring mail
rPois   .            (no helmet)
rElec   .            (no cloak)
rCorr   .            (no gloves)
SInv    .            (no boots)
Will    .....        (no amulet)
Stlth   +            (no ring)
HPRegen 0.25/turn    (no ring)
MPRegen 0.18/turn

%: no passive effects
@: on berserk cooldown, slowed, very slow
A: claws 1, magic regeneration
a: Renounce Religion, Berserk, Trog's Hand


You were on level 3 of the Dungeon.
You worshipped Trog.
Trog was pleased with you.
You visited 1 branch of the dungeon, and saw 3 of its levels.

You collected 100 gold pieces.

Inventory:

Hand Weapons
 a - a +0 hand axe (weapon)
Armour
 b - a +0 animal skin
 f - a +0 ring mail (worn)
Wands
 i - a wand of charming (13)
Scrolls
 e - 4 scrolls of identify {unknown}
 g - a scroll of immolation {unknown}
 h - a scroll of amnesia {unknown}
 j - a scroll of poison {unknown}
Potions
 c - a potion of might {unknown}
 d - 2 potions of curing {unknown}


   Skills:
 - Level 3.0 Fighting
 + Level 5.1 Axes
 - Level 1.7 Armour
 - Level 1.7 Dodging


You had 3 spell levels left.
You didn't know any spells.
Your spell library was empty.

Dungeon Overview and Level Annotations

Branches:
Dungeon (3/15)

Altars:


Innate Abilities, Weirdness & Mutations

You have sharp fingernails.
You regenerate magic rapidly.


Message History

You feel less confused.
The orc wizard hits you with a +0 short sword. x2
You take 5 damage, and have 26/35 hp.
You closely miss the orc wizard.
The orc wizard is almost dead.
The orc wizard barely misses you.
You hit the orc wizard but do no damage.
The orc wizard is almost dead.
The orc wizard points at you and mumbles some strange words.
You resist with some effort.
The orc wizard gestures wildly while chanting.
The orc wizard flickers and vanishes!
Deactivating autopickup; reactivate with Ctrl-A.
You closely miss something. Something hits you.
You take 3 damage, and have 24/35 hp.
You miss something. Something hits you. Something hits you but does no damage.
You take 3 damage, and have 21/35 hp.
You hit something but do no damage. Something hits you.
You take 2 damage, and have 19/35 hp.
You hit something but do no damage. Something hits you.
Something hits you but does no damage.
You take 2 damage, and have 17/35 hp.
You miss something. Something hits you.
You take 2 damage, and have 15/35 hp.
You miss something. Something hits you. Something hits you but does no damage.
You take 3 damage, and have 12/35 hp.
You hit something but do no damage. Something hits you.
* * * LOW HITPOINT WARNING * * *
You take 4 damage, and have 8/35 hp.
You closely miss something.
You hear some strange, mumbled words.
Something tries to affect you, but you resist.
Something hits you but does no damage.
You miss something. Something hits you but does no damage.
You barely miss something. Something hits you.
* * * LOW HITPOINT WARNING * * *
You hear some strange, mumbled words.
A puff of flame appears from out of thin air!
The puff of flame hits you!
You die...

#.......... ##..
#..........# ###...
#........... .....
#........... #...
........... #.#.
.......... #.#.
##..)....# ##... #
#.{))...# ###..#.
....#@#)########...##.
.....?................#.
......######..........#.
...... #..........#.
..... #..........#.
##### #............
#############


There were no monsters in sight!

Vanquished Creatures
  An orc priest (D:3)
  An orc wizard (D:3)
  2 worms (D:2)
  A dart slug (D:2)
  5 orcs (D:3)
  3 ball pythons (D:1)
  7 bats
  4 endoplasms
  2 giant cockroaches (D:1)
  4 goblins
  2 hobgoblins (D:1)
  3 jackals (D:1)
  6 quokkas
  A frilled lizard (D:1)
  6 kobolds
  3 rats
51 creatures vanquished.

Notes
Turn   | Place    | Note
-------+----------+-------------------------------------------
     0 | D:1      | Dirtsage the Demonspawn Berserker began the quest for the
                  | Orb.
     0 | D:1      | Reached XP level 1. HP: 18/18 MP: 1/1
    52 | D:1      | Reached skill level 3 in Axes
   159 | D:1      | Gained mutation: You have sharp fingernails. [demonic
                  | ancestry]
   159 | D:1      | Reached XP level 2. HP: 21/24 MP: 2/2
   244 | D:1      | Found a faded altar of an unknown god.
   468 | D:1      | Reached ** piety under Trog
   545 | D:1      | Reached XP level 3. HP: 27/29 MP: 3/3
   901 | D:2      | Reached skill level 4 in Axes
  1880 | D:3      | Gained mutation: You regenerate magic rapidly. [demonic
                  | ancestry]
  1880 | D:3      | Reached XP level 4. HP: 21/35 MP: 4/4
  1886 | D:3      | Reached skill level 5 in Axes
  2013 | D:3      | Killed from afar by an orc wizard

Illustrated notes

Levels and vault maps discovered:
D:1:      minmay_arrival_cross, layout_basic, shapermc_ecumenical_altar_venn,
          minmay_misc_feat_rugged
D:2:      layout_basic
D:3:      layout_rooms, serial_shops, shop

Skill      XL: |  1  2  3  4 |
---------------+-------------+-----
Axes           | 3 4 5 |  5.1
Fighting       | |  3.0
Armour         | |  1.7
Dodging        | |  1.7

Action                     |  1- 3 |  4- 6 || total
---------------------------+-------+-------++-------
  Melee: Hand axe          |   155 |    31 ||   186
 Invoke: Berserk           |     2 |     1 ||     3
 Armour: Animal skin       |     6 |       ||     6
         Ring mail         |    94 |    29 ||   123
  Dodge: Dodged            |    99 |     8 ||   107

Table legend: (Time is in decaauts)
 A = Elapsed time spent in this place.
 B = Non-inter-level travel time spent in this place.
 C = Inter-level travel time spent in this place.
 D = Time resting spent in this place.
 E = Time spent auto-exploring this place.
 F = Levels seen in this place.
 G = Mean time per level.
                   A        B        C        D        E       F      G
               +--------+--------+--------+--------+--------+-----+--------+
         Total |   2045 |   1967 |     78 |     81 |   1521 |   3 |  681.7 |
       Dungeon |   2045 |   1967 |     78 |     81 |   1521 |   3 |  681.7 |
               +--------+--------+--------+--------+--------+-----+--------+

Top non-repeatable levels by time:
     D:2: 1077 daAuts
     D:1: 794 daAuts
     D:3: 173 daAuts
